Ice Dragons vs Atomiques
Created - December 14, 2020 at 19:00
Goals
|
| Ice Dragons |
0 |
0 |
1 |
1 |
| Atomiques |
0 |
1 |
4 |
5 |
|
Shots
|
| Ice Dragons |
6 |
9 |
6 |
21 |
| Atomiques |
15 |
13 |
17 |
45 |
|
1st period
No Goal
Penalties :
William Carrier (Kin) for Holding (Minor) at 4:53, Cody Goloubef (STB) for Slashing (Minor) at 11:53, Brendan Perlini (STB) for Hooking (Minor) at 18:31
2nd period
1. Atomiques , William Nylander 10 (Nicolas Aube-Kubel 8, Michael Chaput 12) at 7:14
Penalties :
Oscar Sundqvist (STB) for Hooking (Minor) at 0:48, Sam Carrick (Kin) for High sticking (Minor) at 9:46
3rd period
2. Atomiques , Michael Chaput 12 (Matt Tennyson 7) at 2:39 (PP)
3. Atomiques , Cody Goloubef 1 (Kevin Fiala 6, Alex Nedeljkovic) at 3:57 (PP)
4. Atomiques , Cody Goloubef 2 (Oscar Sundqvist 18) at 5:55 (PP)
5. Ice Dragons , William Carrier 5 (Kevin Connauton 19, Luca Sbisa 4) at 12:02
6. Atomiques , Nicolas Aube-Kubel 5 (William Nylander 9, Michael Chaput 13) at 18:37
Penalties :
Justin Shugg (Kin) for Slashing (Minor) at 2:05, Billy Sweat (Kin) for Roughing (Minor) at 3:26, Billy Sweat (Kin) for Boarding (Minor) at 4:35, Brock McGinn (STB) for Slashing (Minor) at 12:15, Luca Sbisa (Kin) for High sticking (Minor) at 19:34
Goalie Stats
Chet Pickard (Kin), 40 saves from 45 shots - (0.889), L, 7-8-2, 60:00 minutes
Alex Nedeljkovic (STB), 20 saves from 21 shots - (0.952), W, 8-6-1, 60:00 minutes
Players Stats for Ice Dragons
Player Name G A P +/- PIM S H SB GA TA FO MP PP MP PK MP
------------------------------------------------------------------------------------
Alex Plante 0 0 0 0 0 1 1 2 0 0 0/0 20:13 3:34 2:38
Billy Sweat 0 0 0 0 4 1 3 0 2 0 0/1 18:25 3:28 1:25
Brandon Kozun 0 0 0 -1 0 1 2 0 1 0 1/3 19:58 4:25 0:00
Chris Wagner 0 0 0 0 0 1 0 1 0 0 0/0 9:06 0:03 0:00
Corban Knight 0 0 0 -1 0 3 0 0 0 0 20/44 23:42 4:17 4:23
David Shields 0 0 0 0 0 0 0 0 0 0 0/0 10:17 0:00 0:00
Emil Pettersson 0 0 0 0 0 1 0 0 0 1 1/4 10:20 0:00 1:09
Jerome Gauthier-Leduc 0 0 0 0 0 0 0 0 0 1 0/0 10:17 0:00 0:00
Jordan LaVallee 0 0 0 -1 0 2 0 1 2 2 0/1 23:42 4:17 4:23
Juho Lammikko 0 0 0 0 0 0 3 0 0 1 0/0 6:45 0:00 0:00
Justin Shugg 0 0 0 0 2 0 2 0 2 1 0/0 17:02 3:28 0:00
Kevin Connauton 0 1 1 -1 0 0 2 0 0 0 0/0 29:30 4:22 4:10
Logan MacMillan 0 0 0 0 0 2 0 1 0 0 0/0 7:48 0:11 0:13
Luca Sbisa 0 1 1 -1 2 2 2 1 1 1 0/0 29:29 4:22 4:10
Sam Carrick 0 0 0 0 2 2 2 1 0 1 12/16 18:25 3:28 1:11
Samuel Groulx 0 0 0 0 0 1 3 0 2 0 0/0 20:13 3:34 2:38
Theodor Blueger 0 0 0 0 0 1 1 0 0 0 0/1 7:15 0:00 0:18
William Carrier 1 0 1 0 2 3 1 0 0 1 0/1 10:38 0:11 0:34
Players Stats for Atomiques
Player Name G A P +/- PIM S H SB GA TA FO MP PP MP PK MP
------------------------------------------------------------------------------------
Axel Holmstrom 0 0 0 0 0 0 0 0 0 0 0/0 0:35 0:02 0:00
Brendan Guhle 0 0 0 0 0 0 0 0 0 0 0/0 10:25 0:00 0:38
Brendan Perlini 0 0 0 0 2 2 1 0 0 0 0/0 6:49 0:00 0:00
Brock McGinn 0 0 0 0 2 1 1 0 3 0 3/6 23:32 3:55 3:02
Chase De Leo 0 0 0 0 0 1 0 0 0 1 3/5 6:43 0:00 0:00
Cody Goloubef 2 0 2 0 2 8 2 3 0 1 0/0 27:00 4:46 3:44
Dalton Smith 0 0 0 -1 0 0 0 0 0 0 0/1 4:57 0:02 1:57
Denis Gurianov 0 0 0 -1 0 5 0 0 0 0 0/0 9:40 0:00 0:00
Dylan Strome 0 0 0 0 0 1 0 0 0 0 1/1 7:07 0:00 0:35
Jeremy Lauzon 0 0 0 0 0 0 1 0 0 0 0/0 10:08 0:02 0:00
Keegan Iverson 0 0 0 0 0 0 0 0 0 0 1/2 2:01 0:00 2:01
Kerby Rychel 0 0 0 -1 0 4 2 1 2 0 0/0 10:17 0:00 0:37
Kevin Fiala 0 1 1 0 0 2 2 0 0 3 1/2 20:13 3:55 0:00
Matt Tennyson 0 1 1 0 0 3 1 0 0 0 0/0 30:36 4:46 4:42
Max McCormick 0 0 0 0 0 0 2 0 0 0 0/0 6:32 0:00 0:00
Michael Chaput 1 2 3 2 0 2 1 1 1 0 6/14 18:18 2:53 2:57
Nicolas Aube-Kubel 1 1 2 2 0 3 0 0 0 3 0/0 14:48 2:51 0:00
Oliver Kylington 0 0 0 0 0 0 0 0 0 0 0/0 3:27 0:02 0:29
Oscar Sundqvist 0 1 1 0 2 6 3 0 1 0 21/39 24:11 3:55 3:21
Sean Walker 0 0 0 1 0 0 0 3 1 0 0/0 19:31 2:00 3:21
Wiley Sherman 0 0 0 1 0 1 1 2 1 1 0/0 19:00 2:00 2:58
William Nylander 1 1 2 2 0 6 2 1 0 1 1/1 16:10 2:51 1:22
3 Stars
1 - Michael Chaput (STB)
2 - William Nylander (STB)
3 - Cody Goloubef (STB)
Power Play
Ice Dragons - 0 on 3 Attempt(s) - 0.00%
Atomiques - 3 on 7 Attempt(s) - 42.86%
Penalty Kill
Ice Dragons - 4 on 7 Attempt(s) - 57.14%
- Score 0 goal in Penalty Kill
Atomiques - 3 on 3 Attempt(s) - 100.00%
- Score 0 goal in Penalty Kill
Team Stat
Ice Dragons - Hits : 22 - Faceoff Wins : 34 - Blocked Shots : 7 - Penalty Minutes : 12
Atomiques - Hits : 19 - Faceoff Wins : 37 - Blocked Shots : 11 - Penalty Minutes : 8
Official
Referees : Unknown
Linesman : Unknown
Game Notes
Chase De Leo is injured at 18:16 of 2nd period (Sprained Right Knee)
18:00 of 3rd period - Penalty Shot by Jerome Gauthier-Leduc for Ice Dragons - Stopped by Alex Nedeljkovic
Finance
Level 1 -- Attendance: 1312 (65.60%) -- Ticket Income $52,480
Level 2 -- Attendance: 710 (71.00%) -- Ticket Income $14,200
Total Attendance: 2022 (67.40%)
Total Ticket Income: $66,680
Other Income: $3,334
Total Income: $70,014
Ice Dragons
5 vs 5 Forward
Center Left Wing Right Wing Time % Phy DF OF
1 Corban Knight Jordan LaVallee Brandon Kozun 40 1 2 2
2 Sam Carrick Billy Sweat Justin Shugg 30 1 2 2
3 Emil Pettersson William Carrier Chris Wagner 20 1 2 2
4 Theodor Blueger Logan MacMillan Juho Lammikko 10 1 2 2
5 vs 5 Defense
Defense Defense Time % Phy DF OF
1 Kevin Connauton Luca Sbisa 40 1 2 2
2 Samuel Groulx Alex Plante 30 1 2 2
3 David Shields Jerome Gauthier-Leduc 20 1 2 2
4 Kevin Connauton Luca Sbisa 10 1 2 2
PowerPlay Forward
Center Left Wing Right Wing Time % Phy DF OF
1 Corban Knight Jordan LaVallee Brandon Kozun 60 1 2 2
2 Sam Carrick Billy Sweat Justin Shugg 40 1 2 2
PowerPlay Defense
Defense Defense Time % Phy DF OF
1 Kevin Connauton Luca Sbisa 60 1 2 2
2 Samuel Groulx Alex Plante 40 1 2 2
Penalty Kill 4 Players Forward
Center Wing Time % Phy DF OF
1 Corban Knight Jordan LaVallee 60 1 2 2
2 Billy Sweat Sam Carrick 40 1 2 2
Penalty Kill 4 Players Defense
Defense Defense Time % Phy DF OF
1 Kevin Connauton Luca Sbisa 60 1 2 2
2 Samuel Groulx Alex Plante 40 1 2 2
Penalty Kill - 3 Players Forward
Forward Time % Phy DF OF
1 Corban Knight 60 1 2 2
2 Jordan LaVallee 40 1 2 2
Penalty Kill - 3 Players Defense
Defense Defense Time % Phy DF OF
1 Kevin Connauton Luca Sbisa 60 1 2 2
2 Samuel Groulx Alex Plante 40 1 2 2
4 vs 4 Forward
Center Wing Time % Phy DF OF
1 Corban Knight Jordan LaVallee 60 1 2 2
2 Billy Sweat Sam Carrick 40 1 2 2
4 vs 4 Defense
Defense Defense Time % Phy DF OF
1 Kevin Connauton Luca Sbisa 60 1 2 2
2 Samuel Groulx Alex Plante 40 1 2 2
Last Minutes Offensive
Center Left Wing Right Wing Defense Defense
Corban Knight Jordan LaVallee Brandon Kozun Kevin Connauton Luca Sbisa
Last Minutes Defensive
Center Left Wing Right Wing Defense Defense
Corban Knight Jordan LaVallee Brandon Kozun Kevin Connauton Luca Sbisa
Goaltenders
Starting : Chet Pickard
Backup : Joacim Eriksson
Extra Forwards
Normal : William Carrier, Logan MacMillan, Emil Pettersson - PP : William Carrier, Logan MacMillan - PK : Emil Pettersson
Extra Defensemen
Normal : David Shields, Jerome Gauthier-Leduc, Samuel Groulx - PP : David Shields - PK : Jerome Gauthier-Leduc, Samuel Groulx
Penalty Shots
Corban Knight, Jordan LaVallee, Billy Sweat, Sam Carrick, William Carrier
Scratches
Thomas Gobeil (Healthy), Alex Henriksson (Healthy), Cole Ully (Healthy), Mario Lucia (Healthy), Adam Clendening (Left Forearm Injury)
Phil Di Giuseppe (Healthy), Zach Trotman (Healthy), Robin Norell (Healthy), Oscar Dansk (Healthy)
Atomiques
5 vs 5 Forward
Center Left Wing Right Wing Time % Phy DF OF
1 Oscar Sundqvist Brock McGinn Kevin Fiala 40 1 2 2
2 Michael Chaput William Nylander Nicolas Aube-Kubel 30 1 2 2
3 Chase De Leo Kerby Rychel Denis Gurianov 20 1 2 2
4 Dylan Strome Brendan Perlini Max McCormick 10 1 2 2
5 vs 5 Defense
Defense Defense Time % Phy DF OF
1 Matt Tennyson Cody Goloubef 40 1 2 2
2 Wiley Sherman Sean Walker 30 1 2 2
3 Jeremy Lauzon Brendan Guhle 20 1 2 2
4 Oliver Kylington Matt Tennyson 10 1 2 2
PowerPlay Forward
Center Left Wing Right Wing Time % Phy DF OF
1 Oscar Sundqvist Brock McGinn Kevin Fiala 60 1 2 2
2 Michael Chaput William Nylander Nicolas Aube-Kubel 40 1 2 2
PowerPlay Defense
Defense Defense Time % Phy DF OF
1 Matt Tennyson Cody Goloubef 60 1 2 2
2 Wiley Sherman Sean Walker 40 1 2 2
Penalty Kill 4 Players Forward
Center Wing Time % Phy DF OF
1 Brock McGinn Oscar Sundqvist 60 1 2 2
2 Michael Chaput William Nylander 40 1 2 2
Penalty Kill 4 Players Defense
Defense Defense Time % Phy DF OF
1 Matt Tennyson Cody Goloubef 60 1 2 2
2 Wiley Sherman Sean Walker 40 1 2 2
Penalty Kill - 3 Players Forward
Forward Time % Phy DF OF
1 Brock McGinn 60 1 2 2
2 Oscar Sundqvist 40 1 2 2
Penalty Kill - 3 Players Defense
Defense Defense Time % Phy DF OF
1 Matt Tennyson Cody Goloubef 60 1 2 2
2 Wiley Sherman Sean Walker 40 1 2 2
4 vs 4 Forward
Center Wing Time % Phy DF OF
1 Brock McGinn Oscar Sundqvist 60 1 2 2
2 Michael Chaput William Nylander 40 1 2 2
4 vs 4 Defense
Defense Defense Time % Phy DF OF
1 Matt Tennyson Cody Goloubef 60 1 2 2
2 Wiley Sherman Sean Walker 40 1 2 2
Last Minutes Offensive
Center Left Wing Right Wing Defense Defense
Oscar Sundqvist Brock McGinn Kevin Fiala Matt Tennyson Cody Goloubef
Last Minutes Defensive
Center Left Wing Right Wing Defense Defense
Oscar Sundqvist Brock McGinn Kevin Fiala Matt Tennyson Cody Goloubef
Goaltenders
Starting : Alex Nedeljkovic
Backup : Kaapo Kahkonen
Extra Forwards
Normal : Dalton Smith, Axel Holmstrom, Keegan Iverson - PP : Dalton Smith, Axel Holmstrom - PK : Keegan Iverson
Extra Defensemen
Normal : Jeremy Lauzon, Brendan Guhle, Oliver Kylington - PP : Jeremy Lauzon - PK : Brendan Guhle, Oliver Kylington
Penalty Shots
Brock McGinn, Oscar Sundqvist, Michael Chaput, William Nylander, Kerby Rychel
Scratches
Christian Fischer (Left Leg Injury)
% Time on Ice - Ice Dragons
Lines # - Real PCT - Wanted PCT - Time Play
Normal Forward
1 - 35% - 40% - 15:53
2 - 30% - 30% - 13:35
3 - 20% - 20% - 9:03
4 - 15% - 10% - 6:45
Normal Defense
1 - 43% - 40% - 19:41
2 - 31% - 30% - 14:01
3 - 23% - 20% - 10:17
4 - 3% - 10% - 1:17
PP Forward
1 - 56% - 60% - 4:28
2 - 44% - 40% - 3:28
PP Defense
1 - 55% - 60% - 4:22
2 - 45% - 40% - 3:34
PK Forward
1 - 74% - 60% - 5:03
2 - 26% - 40% - 1:45
PK Defense
1 - 61% - 60% - 4:10
2 - 39% - 40% - 2:38
PK3 Forward
1 - 0% - 60%
2 - 0% - 40%
PK3 Defense
1 - 0% - 60%
2 - 0% - 40%
44 Forward
1 - 0% - 60%
2 - 0% - 40%
44 Defense
1 - 0% - 60%
2 - 0% - 40%
Last Minute Offensive - 0:00
Last Minute Defensive - 0:00
Total
Forward - 60:00
Defense - 60:00
|
% Time on Ice - Atomiques
Lines # - Real PCT - Wanted PCT - Time Play
Normal Forward
1 - 37% - 40% - 16:56
2 - 27% - 30% - 12:08
3 - 21% - 20% - 9:40
4 - 14% - 10% - 6:32
Normal Defense
1 - 42% - 40% - 18:50
2 - 31% - 30% - 14:02
3 - 22% - 20% - 9:47
4 - 6% - 10% - 2:37
PP Forward
1 - 58% - 60% - 3:55
2 - 42% - 40% - 2:53
PP Defense
1 - 71% - 60% - 4:48
2 - 29% - 40% - 2:00
PK Forward
1 - 83% - 60% - 6:34
2 - 17% - 40% - 1:22
PK Defense
1 - 63% - 60% - 4:58
2 - 37% - 40% - 2:58
PK3 Forward
1 - 0% - 60%
2 - 0% - 40%
PK3 Defense
1 - 0% - 60%
2 - 0% - 40%
44 Forward
1 - 0% - 60%
2 - 0% - 40%
44 Defense
1 - 0% - 60%
2 - 0% - 40%
Last Minute Offensive - 0:00
Last Minute Defensive - 0:00
Total
Forward - 60:00
Defense - 60:00
|
Play-by-Play
1st period
0:01 of 1st period - Oscar Sundqvist wins face-off versus Corban Knight in neutral zone.
0:26 of 1st period - Brandon Kozun is hit by Matt Tennyson.
0:46 of 1st period - Wrist shot by Brandon Kozun.
0:46 of 1st period - Shot Blocked by Cody Goloubef.
1:14 of 1st period - Slapshot by Denis Gurianov.
1:14 of 1st period - Shot Misses the Net.
1:16 of 1st period - Wrist shot by Kerby Rychel.
1:16 of 1st period - Stopped by Chet Pickard without a rebound.
1:17 of 1st period - Sam Carrick wins face-off versus Michael Chaput in Ice Dragons zone.
1:26 of 1st period - Wrist shot by William Nylander.
1:26 of 1st period - Stopped by Chet Pickard with a rebound.
1:44 of 1st period - Snap shot by Oscar Sundqvist.
1:44 of 1st period - Stopped by Chet Pickard without a rebound.
1:45 of 1st period - Oscar Sundqvist wins face-off versus Emil Pettersson in Ice Dragons zone.
2:03 of 1st period - Off-side.
2:04 of 1st period - Sam Carrick wins face-off versus Michael Chaput in neutral zone.
2:07 of 1st period - Wrist shot by Billy Sweat.
2:07 of 1st period - Shot Misses the Net.
2:09 of 1st period - Slapshot by Luca Sbisa.
2:09 of 1st period - Stopped by Alex Nedeljkovic with a rebound.
2:11 of 1st period - Slapshot by Luca Sbisa.
2:11 of 1st period - Shot Hit the Post.
2:31 of 1st period - Wiley Sherman is hit by Juho Lammikko and loses puck.
2:42 of 1st period - Slapshot by Kevin Connauton.
2:42 of 1st period - Deflect By Logan MacMillan.
2:42 of 1st period - Stopped by Alex Nedeljkovic without a rebound.
2:43 of 1st period - Oscar Sundqvist wins face-off versus Emil Pettersson in Atomiques zone.
2:58 of 1st period - Wrist shot by Brock McGinn.
2:58 of 1st period - Shot Misses the Net.
3:08 of 1st period - Nicolas Aube-Kubel is hit by Sam Carrick and loses puck.
3:31 of 1st period - Snap shot by Brendan Perlini.
3:31 of 1st period - Shot Misses the Net.
3:33 of 1st period - Slapshot by Sean Walker.
3:33 of 1st period - Shot Blocked by Alex Plante.
3:37 of 1st period - Wrist shot by Brendan Perlini.
3:37 of 1st period - Shot Misses the Net.
3:55 of 1st period - Snap shot by Denis Gurianov.
3:55 of 1st period - Stopped by Chet Pickard with a rebound.
3:57 of 1st period - Slapshot by Matt Tennyson.
3:57 of 1st period - Stopped by Chet Pickard without a rebound.
3:58 of 1st period - Sam Carrick wins face-off versus Oscar Sundqvist in Ice Dragons zone.
4:53 of 1st period - Minor Penalty to William Carrier for Holding.
4:54 of 1st period - Oscar Sundqvist wins face-off versus Corban Knight in Ice Dragons zone.
5:23 of 1st period - Off-side.
5:24 of 1st period - Michael Chaput wins face-off versus Billy Sweat in neutral zone.
5:37 of 1st period - Snap shot by William Nylander.
5:37 of 1st period - Stopped by Chet Pickard without a rebound.
5:38 of 1st period - Corban Knight wins face-off versus Oscar Sundqvist in Ice Dragons zone.
6:46 of 1st period - Samuel Groulx is hit by William Nylander.
6:53 of 1st period - Penalty to William Carrier is over, William Carrier is back on ice.
7:06 of 1st period - Snap shot by Denis Gurianov.
7:06 of 1st period - Stopped by Chet Pickard with a rebound.
7:08 of 1st period - Wrist shot by Kerby Rychel.
7:08 of 1st period - Stopped by Chet Pickard without a rebound.
7:09 of 1st period - Chase De Leo wins face-off versus Sam Carrick in Ice Dragons zone.
7:10 of 1st period - Snap shot by Denis Gurianov.
7:10 of 1st period - Stopped by Chet Pickard without a rebound.
7:11 of 1st period - Sam Carrick wins face-off versus Michael Chaput in Ice Dragons zone.
8:02 of 1st period - Wrist shot by Brock McGinn.
8:02 of 1st period - Stopped by Chet Pickard without a rebound.
8:03 of 1st period - Corban Knight wins face-off versus Michael Chaput in Ice Dragons zone.
8:48 of 1st period - Snap shot by Juho Lammikko.
8:48 of 1st period - Shot Blocked by Sean Walker.
9:10 of 1st period - Snap shot by Brock McGinn.
9:10 of 1st period - Shot Misses the Net.
10:07 of 1st period - Off-side.
10:08 of 1st period - Oscar Sundqvist wins face-off versus Theodor Blueger in neutral zone.
11:06 of 1st period - Backhand shot by William Carrier.
11:06 of 1st period - Deflect By William Nylander.
11:06 of 1st period - Stopped by Alex Nedeljkovic with a rebound.
11:08 of 1st period - Slapshot by Alex Plante.
11:08 of 1st period - Deflect By William Nylander.
11:08 of 1st period - Stopped by Alex Nedeljkovic without a rebound.
11:09 of 1st period - Oscar Sundqvist wins face-off versus Corban Knight in Atomiques zone.
11:35 of 1st period - Snap shot by Billy Sweat.
11:35 of 1st period - Shot Misses the Net.
11:53 of 1st period - Minor Penalty to Cody Goloubef for Slashing.
11:54 of 1st period - Corban Knight wins face-off versus Brock McGinn in Atomiques zone.
11:59 of 1st period - Slapshot by Corban Knight.
11:59 of 1st period - Deflect By Brock McGinn.
11:59 of 1st period - Stopped by Alex Nedeljkovic with a rebound.
13:53 of 1st period - Penalty to Cody Goloubef is over, Cody Goloubef is back on ice.
14:00 of 1st period - Icing by Logan MacMillan.
14:01 of 1st period - Chase De Leo wins face-off versus William Carrier in Ice Dragons zone.
14:12 of 1st period - Brandon Kozun is hit by Kerby Rychel and loses puck.
14:31 of 1st period - Slapshot by Michael Chaput.
14:31 of 1st period - Shot Misses the Net.
14:33 of 1st period - Wrist shot by William Nylander.
14:33 of 1st period - Stopped by Chet Pickard with a rebound.
14:55 of 1st period - Slapshot by Cody Goloubef.
14:55 of 1st period - Deflect By Brendan Perlini.
14:55 of 1st period - Shot Misses the Net.
14:55 of 1st period - Puck is out of play.
14:56 of 1st period - Sam Carrick wins face-off versus Oscar Sundqvist in Ice Dragons zone.
15:01 of 1st period - Brock McGinn is hit by Billy Sweat and loses puck.
15:22 of 1st period - Sam Carrick is hit by Kerby Rychel and loses puck.
15:27 of 1st period - Wrist shot by Kerby Rychel.
15:27 of 1st period - Shot Hit the Post.
15:29 of 1st period - Slapshot by Denis Gurianov.
15:29 of 1st period - Shot Misses the Net.
15:31 of 1st period - Backhand shot by Cody Goloubef.
15:31 of 1st period - Deflect By Kerby Rychel.
15:31 of 1st period - Shot Hit the Post.
15:31 of 1st period - Puck is out of play.
15:32 of 1st period - Emil Pettersson wins face-off versus Oscar Sundqvist in Ice Dragons zone.
15:44 of 1st period - Icing by Kevin Fiala.
15:45 of 1st period - Brock McGinn wins face-off versus Corban Knight in Atomiques zone.
15:49 of 1st period - Off-side.
15:50 of 1st period - Oscar Sundqvist wins face-off versus Corban Knight in neutral zone.
16:24 of 1st period - Snap shot by Sam Carrick.
16:24 of 1st period - Shot Misses the Net.
16:34 of 1st period - Slapshot by Cody Goloubef.
16:34 of 1st period - Shot Misses the Net.
16:36 of 1st period - Slapshot by Cody Goloubef.
16:36 of 1st period - Stopped by Chet Pickard with a rebound.
16:38 of 1st period - Slapshot by Matt Tennyson.
16:38 of 1st period - Stopped by Chet Pickard with a rebound.
16:46 of 1st period - Snap shot by Kerby Rychel.
16:46 of 1st period - Shot Misses the Net.
17:00 of 1st period - Snap shot by Brendan Perlini.
17:00 of 1st period - Stopped by Chet Pickard with a rebound.
17:40 of 1st period - Snap shot by Kevin Fiala.
17:40 of 1st period - Shot Misses the Net.
18:02 of 1st period - Snap shot by William Carrier.
18:02 of 1st period - Shot Misses the Net.
18:04 of 1st period - Wrist shot by Emil Pettersson.
18:04 of 1st period - Stopped by Alex Nedeljkovic with a rebound.
18:06 of 1st period - Slapshot by David Shields.
18:06 of 1st period - Shot Blocked by Wiley Sherman.
18:20 of 1st period - Backhand shot by Wiley Sherman.
18:20 of 1st period - Shot Blocked by Logan MacMillan.
18:22 of 1st period - Slapshot by Dylan Strome.
18:22 of 1st period - Stopped by Chet Pickard without a rebound.
18:23 of 1st period - Dylan Strome wins face-off versus Brandon Kozun in Ice Dragons zone.
18:31 of 1st period - Minor Penalty to Brendan Perlini for Hooking.
18:32 of 1st period - Brock McGinn wins face-off versus Corban Knight in Atomiques zone.
19:32 of 1st period - Cody Goloubef is hit by Billy Sweat and loses puck.
Goals for this period are 0 for Ice Dragons vs 0 for Atomiques.
Shots for this period are 6 for Ice Dragons vs 15 for Atomiques.
2nd period
0:01 of 2nd period - Corban Knight wins face-off versus Brock McGinn in neutral zone.
0:06 of 2nd period - Wrist shot by Brandon Kozun.
0:06 of 2nd period - Deflect By Oscar Sundqvist.
0:06 of 2nd period - Shot Blocked by Cody Goloubef.
0:06 of 2nd period - Puck is out of play.
0:07 of 2nd period - Corban Knight wins face-off versus Brock McGinn in Atomiques zone.
0:10 of 2nd period - Snap shot by Jordan LaVallee.
0:10 of 2nd period - Shot Misses the Net.
0:31 of 2nd period - Penalty to Brendan Perlini is over, Brendan Perlini is back on ice.
0:48 of 2nd period - Minor Penalty to Oscar Sundqvist for Hooking.
0:49 of 2nd period - Keegan Iverson wins face-off versus Corban Knight in Atomiques zone.
1:02 of 2nd period - Slapshot by Corban Knight.
1:02 of 2nd period - Shot Misses the Net.
1:04 of 2nd period - Wrist shot by Jordan LaVallee.
1:04 of 2nd period - Shot Misses the Net.
1:14 of 2nd period - Brock McGinn is hit by Justin Shugg and loses puck.
1:37 of 2nd period - Michael Chaput is hit by Samuel Groulx and loses puck.
2:48 of 2nd period - Penalty to Oscar Sundqvist is over, Oscar Sundqvist is back on ice.
2:59 of 2nd period - Wrist shot by Theodor Blueger.
2:59 of 2nd period - Stopped by Alex Nedeljkovic without a rebound.
3:00 of 2nd period - Chase De Leo wins face-off versus Emil Pettersson in Atomiques zone.
3:10 of 2nd period - Wrist shot by Denis Gurianov.
3:10 of 2nd period - Shot Misses the Net.
3:32 of 2nd period - Snap shot by Logan MacMillan.
3:32 of 2nd period - Stopped by Alex Nedeljkovic without a rebound.
3:33 of 2nd period - Corban Knight wins face-off versus Oscar Sundqvist in Atomiques zone.
4:05 of 2nd period - Slapshot by Wiley Sherman.
4:05 of 2nd period - Shot Misses the Net.
4:07 of 2nd period - Snap shot by William Nylander.
4:07 of 2nd period - Shot Blocked by Sam Carrick.
4:09 of 2nd period - Snap shot by Michael Chaput.
4:09 of 2nd period - Shot Blocked by Alex Plante.
4:23 of 2nd period - Snap shot by Denis Gurianov.
4:23 of 2nd period - Stopped by Chet Pickard with a rebound.
4:25 of 2nd period - Snap shot by Matt Tennyson.
4:25 of 2nd period - Shot Misses the Net.
4:27 of 2nd period - Slapshot by Kerby Rychel.
4:27 of 2nd period - Stopped by Chet Pickard without a rebound.
4:28 of 2nd period - Corban Knight wins face-off versus Oscar Sundqvist in Ice Dragons zone.
4:57 of 2nd period - Wrist shot by Chase De Leo.
4:57 of 2nd period - Stopped by Chet Pickard without a rebound.
4:58 of 2nd period - Sam Carrick wins face-off versus Chase De Leo in Ice Dragons zone.
5:03 of 2nd period - Wrist shot by Denis Gurianov.
5:03 of 2nd period - Stopped by Chet Pickard with a rebound.
5:11 of 2nd period - Slapshot by Samuel Groulx.
5:11 of 2nd period - Deflect By Brendan Guhle.
5:11 of 2nd period - Stopped by Alex Nedeljkovic with a rebound.
5:25 of 2nd period - Brock McGinn is hit by Samuel Groulx and loses puck.
5:52 of 2nd period - Kevin Connauton is hit by Brock McGinn and loses puck.
6:13 of 2nd period - Snap shot by Billy Sweat.
6:13 of 2nd period - Deflect By Cody Goloubef.
6:13 of 2nd period - Stopped by Alex Nedeljkovic without a rebound.
6:14 of 2nd period - Michael Chaput wins face-off versus Sam Carrick in Atomiques zone.
6:21 of 2nd period - Wrist shot by William Nylander.
6:21 of 2nd period - Deflect By Michael Chaput.
6:21 of 2nd period - Shot Misses the Net.
6:21 of 2nd period - Puck is out of play.
6:22 of 2nd period - Corban Knight wins face-off versus Michael Chaput in Ice Dragons zone.
6:22 of 2nd period - Corban Knight is hit by William Nylander.
6:36 of 2nd period - Snap shot by Michael Chaput.
6:36 of 2nd period - Shot Misses the Net.
6:38 of 2nd period - Slapshot by Wiley Sherman.
6:38 of 2nd period - Shot Misses the Net.
6:42 of 2nd period - Wrist shot by Michael Chaput.
6:42 of 2nd period - Stopped by Chet Pickard without a rebound.
6:43 of 2nd period - Sam Carrick wins face-off versus Oscar Sundqvist in Ice Dragons zone.
6:58 of 2nd period - Snap shot by Sam Carrick.
6:58 of 2nd period - Deflect By Justin Shugg.
6:58 of 2nd period - Shot Blocked by Cody Goloubef.
6:58 of 2nd period - Puck is out of play.
6:59 of 2nd period - Corban Knight wins face-off versus Michael Chaput in Atomiques zone.
7:00 of 2nd period - Slapshot by Jordan LaVallee.
7:00 of 2nd period - Stopped by Alex Nedeljkovic without a rebound.
7:01 of 2nd period - Michael Chaput wins face-off versus Corban Knight in Atomiques zone.
7:08 of 2nd period - Snap shot by Michael Chaput.
7:08 of 2nd period - Shot Misses the Net.
7:10 of 2nd period - Slapshot by Nicolas Aube-Kubel.
7:10 of 2nd period - Shot Blocked by Luca Sbisa.
7:12 of 2nd period - Slapshot by Nicolas Aube-Kubel.
7:12 of 2nd period - Stopped by Chet Pickard with a rebound.
7:14 of 2nd period - Snap shot by William Nylander.
7:14 of 2nd period - Goal by William Nylander - Ice Dragons : 0 - Atomiques : 1.
7:15 of 2nd period - Corban Knight wins face-off versus Oscar Sundqvist in neutral zone.
7:40 of 2nd period - Matt Tennyson is hit by Kevin Connauton and loses puck.
7:47 of 2nd period - Kevin Connauton is hit by Michael Chaput and loses puck.
8:08 of 2nd period - Snap shot by Brendan Perlini.
8:08 of 2nd period - Stopped by Chet Pickard with a rebound.
9:46 of 2nd period - Minor Penalty to Sam Carrick for High sticking.
9:47 of 2nd period - Brock McGinn wins face-off versus Corban Knight in Ice Dragons zone.
9:49 of 2nd period - Wrist shot by Oscar Sundqvist.
9:49 of 2nd period - Stopped by Chet Pickard with a rebound.
9:51 of 2nd period - Slapshot by Cody Goloubef.
9:51 of 2nd period - Deflect By Luca Sbisa.
9:51 of 2nd period - Stopped by Chet Pickard with a rebound.
9:53 of 2nd period - Slapshot by Cody Goloubef.
9:53 of 2nd period - Stopped by Chet Pickard with a rebound.
11:31 of 2nd period - Michael Chaput is hit by William Carrier.
11:46 of 2nd period - Penalty to Sam Carrick is over, Sam Carrick is back on ice.
11:51 of 2nd period - Wrist shot by William Carrier.
11:51 of 2nd period - Stopped by Alex Nedeljkovic with a rebound.
12:05 of 2nd period - Snap shot by Kerby Rychel.
12:05 of 2nd period - Stopped by Chet Pickard without a rebound.
12:06 of 2nd period - Sam Carrick wins face-off versus Chase De Leo in Ice Dragons zone.
12:19 of 2nd period - Backhand shot by Sam Carrick.
12:19 of 2nd period - Stopped by Alex Nedeljkovic with a rebound.
12:29 of 2nd period - Logan MacMillan is hit by Brendan Perlini and loses puck.
12:40 of 2nd period - Dylan Strome is hit by Juho Lammikko and loses puck.
12:51 of 2nd period - Jordan LaVallee is hit by Oscar Sundqvist and loses puck.
13:31 of 2nd period - Kevin Connauton is hit by Wiley Sherman and loses puck.
13:50 of 2nd period - Brendan Perlini is hit by Luca Sbisa and loses puck.
13:55 of 2nd period - Snap shot by William Carrier.
13:55 of 2nd period - Deflect By Chris Wagner.
13:55 of 2nd period - Shot Misses the Net.
13:55 of 2nd period - Puck is out of play.
13:56 of 2nd period - Sam Carrick wins face-off versus Oscar Sundqvist in Atomiques zone.
14:02 of 2nd period - Off-side.
14:03 of 2nd period - Sam Carrick wins face-off versus Oscar Sundqvist in neutral zone.
14:15 of 2nd period - Off-side.
14:16 of 2nd period - Oscar Sundqvist wins face-off versus Corban Knight in neutral zone.
14:56 of 2nd period - Brendan Guhle is hit by Justin Shugg and loses puck.
15:35 of 2nd period - Snap shot by William Nylander.
15:35 of 2nd period - Stopped by Chet Pickard without a rebound.
15:36 of 2nd period - Corban Knight wins face-off versus Oscar Sundqvist in Ice Dragons zone.
15:46 of 2nd period - Off-side.
15:47 of 2nd period - Oscar Sundqvist wins face-off versus Corban Knight in neutral zone.
16:12 of 2nd period - Cody Goloubef is hit by Sam Carrick and loses puck.
16:23 of 2nd period - Slapshot by Luca Sbisa.
16:23 of 2nd period - Shot Blocked by Wiley Sherman.
16:25 of 2nd period - Snap shot by Billy Sweat.
16:25 of 2nd period - Shot Blocked by Kerby Rychel.
17:01 of 2nd period - Alex Plante is hit by Kevin Fiala and loses puck.
18:06 of 2nd period - Chase De Leo is hit by Theodor Blueger.
18:15 of 2nd period - Chase De Leo is hit by Luca Sbisa and loses puck.
18:16 of 2nd period - Chase De Leo from Atomiques is injured at 18:16 of 2nd period (Sprained Right Knee).
18:17 of 2nd period - Corban Knight wins face-off versus Oscar Sundqvist in Atomiques zone.
18:22 of 2nd period - Snap shot by Jordan LaVallee.
18:22 of 2nd period - Stopped by Alex Nedeljkovic without a rebound.
18:23 of 2nd period - Oscar Sundqvist wins face-off versus Corban Knight in Atomiques zone.
18:28 of 2nd period - Kevin Connauton is hit by Kevin Fiala and loses puck.
19:13 of 2nd period - Slapshot by Chris Wagner.
19:13 of 2nd period - Stopped by Alex Nedeljkovic with a rebound.
19:37 of 2nd period - Wrist shot by Juho Lammikko.
19:37 of 2nd period - Deflect By Theodor Blueger.
19:37 of 2nd period - Shot Blocked by Sean Walker.
19:37 of 2nd period - Puck is out of play.
19:38 of 2nd period - Corban Knight wins face-off versus Oscar Sundqvist in Atomiques zone.
Goals for this period are 0 for Ice Dragons vs 1 for Atomiques.
Shots for this period are 9 for Ice Dragons vs 13 for Atomiques.
3rd period
0:01 of 3rd period - Oscar Sundqvist wins face-off versus Jordan LaVallee in neutral zone.
0:08 of 3rd period - Brandon Kozun is hit by Cody Goloubef and loses puck.
0:53 of 3rd period - Slapshot by Cody Goloubef.
0:53 of 3rd period - Stopped by Chet Pickard with a rebound.
0:55 of 3rd period - Wrist shot by Nicolas Aube-Kubel.
0:55 of 3rd period - Shot Misses the Net.
0:57 of 3rd period - Wrist shot by Michael Chaput.
0:57 of 3rd period - Shot Misses the Net.
1:01 of 3rd period - Snap shot by Nicolas Aube-Kubel.
1:01 of 3rd period - Stopped by Chet Pickard with a rebound.
1:19 of 3rd period - Slapshot by Wiley Sherman.
1:19 of 3rd period - Stopped by Chet Pickard with a rebound.
1:38 of 3rd period - Jerome Gauthier-Leduc is hit by Max McCormick.
2:02 of 3rd period - Off-side.
2:03 of 3rd period - Sam Carrick wins face-off versus Michael Chaput in neutral zone.
2:05 of 3rd period - Minor Penalty to Justin Shugg for Slashing.
2:06 of 3rd period - Oscar Sundqvist wins face-off versus Corban Knight in Ice Dragons zone.
2:14 of 3rd period - Slapshot by Cody Goloubef.
2:14 of 3rd period - Deflect By Corban Knight.
2:14 of 3rd period - Stopped by Chet Pickard with a rebound.
2:39 of 3rd period - Snap shot by Michael Chaput.
2:39 of 3rd period - Goal by Michael Chaput - Ice Dragons : 0 - Atomiques : 2.
2:40 of 3rd period - Sam Carrick wins face-off versus Oscar Sundqvist in neutral zone.
2:43 of 3rd period - Oscar Sundqvist is hit by Billy Sweat and loses puck.
2:53 of 3rd period - Icing by Oscar Sundqvist.
2:54 of 3rd period - Corban Knight wins face-off versus Oscar Sundqvist in Atomiques zone.
3:26 of 3rd period - Minor Penalty to Billy Sweat for Roughing.
3:27 of 3rd period - Michael Chaput wins face-off versus Corban Knight in Ice Dragons zone.
3:57 of 3rd period - Slapshot by Cody Goloubef.
3:57 of 3rd period - Goal by Cody Goloubef - Ice Dragons : 0 - Atomiques : 3.
3:58 of 3rd period - Corban Knight wins face-off versus Oscar Sundqvist in neutral zone.
4:00 of 3rd period - Off-side.
4:01 of 3rd period - Oscar Sundqvist wins face-off versus Corban Knight in neutral zone.
4:12 of 3rd period - Wrist shot by Luca Sbisa.
4:12 of 3rd period - Shot Misses the Net.
4:35 of 3rd period - Minor Penalty to Billy Sweat for Boarding.
4:36 of 3rd period - Oscar Sundqvist wins face-off versus Corban Knight in Ice Dragons zone.
4:49 of 3rd period - Snap shot by Oscar Sundqvist.
4:49 of 3rd period - Deflect By Kevin Fiala.
4:49 of 3rd period - Stopped by Chet Pickard with a rebound.
4:51 of 3rd period - Slapshot by Matt Tennyson.
4:51 of 3rd period - Deflect By Brock McGinn.
4:51 of 3rd period - Shot Blocked by Jordan LaVallee.
4:51 of 3rd period - Puck is out of play.
4:52 of 3rd period - Kevin Fiala wins face-off versus Corban Knight in Ice Dragons zone.
5:05 of 3rd period - Wrist shot by Oscar Sundqvist.
5:05 of 3rd period - Stopped by Chet Pickard without a rebound.
5:06 of 3rd period - Oscar Sundqvist wins face-off versus Corban Knight in Ice Dragons zone.
5:11 of 3rd period - Snap shot by Oscar Sundqvist.
5:11 of 3rd period - Stopped by Chet Pickard with a rebound.
5:13 of 3rd period - Slapshot by Cody Goloubef.
5:13 of 3rd period - Stopped by Chet Pickard with a rebound.
5:15 of 3rd period - Slapshot by Matt Tennyson.
5:15 of 3rd period - Deflect By Jordan LaVallee.
5:15 of 3rd period - Stopped by Chet Pickard without a rebound.
5:16 of 3rd period - Oscar Sundqvist wins face-off versus Corban Knight in Ice Dragons zone.
5:29 of 3rd period - Wrist shot by Oscar Sundqvist.
5:29 of 3rd period - Stopped by Chet Pickard with a rebound.
5:31 of 3rd period - Wrist shot by Kevin Fiala.
5:31 of 3rd period - Stopped by Chet Pickard with a rebound.
5:33 of 3rd period - Snap shot by Kevin Fiala.
5:33 of 3rd period - Shot Misses the Net.
5:53 of 3rd period - Slapshot by Oscar Sundqvist.
5:53 of 3rd period - Stopped by Chet Pickard with a rebound.
5:55 of 3rd period - Slapshot by Cody Goloubef.
5:55 of 3rd period - Goal by Cody Goloubef - Ice Dragons : 0 - Atomiques : 4.
5:56 of 3rd period - William Nylander wins face-off versus Corban Knight in neutral zone.
6:02 of 3rd period - Cody Goloubef is hit by Brandon Kozun and loses puck.
6:30 of 3rd period - Icing by Sam Carrick.
6:31 of 3rd period - Michael Chaput wins face-off versus Sam Carrick in Ice Dragons zone.
7:00 of 3rd period - Wrist shot by Sam Carrick.
7:00 of 3rd period - Stopped by Alex Nedeljkovic with a rebound.
7:02 of 3rd period - Slapshot by Kevin Connauton.
7:02 of 3rd period - Shot Blocked by William Nylander.
7:04 of 3rd period - Slapshot by Luca Sbisa.
7:04 of 3rd period - Shot Misses the Net.
7:06 of 3rd period - Wrist shot by Luca Sbisa.
7:06 of 3rd period - Deflect By Cody Goloubef.
7:06 of 3rd period - Stopped by Alex Nedeljkovic with a rebound.
7:16 of 3rd period - Backhand shot by Luca Sbisa.
7:16 of 3rd period - Deflect By Billy Sweat.
7:16 of 3rd period - Shot Blocked by Michael Chaput.
7:16 of 3rd period - Puck is out of play.
7:17 of 3rd period - Corban Knight wins face-off versus Kevin Fiala in Atomiques zone.
9:01 of 3rd period - Brock McGinn is hit by Kevin Connauton and loses puck.
10:41 of 3rd period - Slapshot by Juho Lammikko.
10:41 of 3rd period - Deflect By Theodor Blueger.
10:41 of 3rd period - Shot Misses the Net.
10:41 of 3rd period - Puck is out of play.
10:42 of 3rd period - Oscar Sundqvist wins face-off versus Brandon Kozun in Atomiques zone.
10:42 of 3rd period - Oscar Sundqvist is hit by Brandon Kozun.
10:53 of 3rd period - Icing by Matt Tennyson.
10:54 of 3rd period - Oscar Sundqvist wins face-off versus Corban Knight in Atomiques zone.
10:58 of 3rd period - Off-side.
10:59 of 3rd period - Oscar Sundqvist wins face-off versus Corban Knight in neutral zone.
11:15 of 3rd period - Off-side.
11:16 of 3rd period - Michael Chaput wins face-off versus Sam Carrick in neutral zone.
11:23 of 3rd period - Justin Shugg is hit by Cody Goloubef and loses puck.
11:43 of 3rd period - Jordan LaVallee is hit by Oscar Sundqvist and loses puck.
12:02 of 3rd period - Slapshot by Kevin Connauton.
12:02 of 3rd period - Deflect By William Carrier.
12:02 of 3rd period - Goal by William Carrier - Ice Dragons : 1 - Atomiques : 4.
12:03 of 3rd period - Corban Knight wins face-off versus Oscar Sundqvist in neutral zone.
12:05 of 3rd period - Samuel Groulx is hit by Oscar Sundqvist and loses puck.
12:12 of 3rd period - Snap shot by Brandon Kozun.
12:12 of 3rd period - Stopped by Alex Nedeljkovic without a rebound.
12:13 of 3rd period - Oscar Sundqvist wins face-off versus Corban Knight in Atomiques zone.
12:15 of 3rd period - Minor Penalty to Brock McGinn for Slashing.
12:16 of 3rd period - Corban Knight wins face-off versus Keegan Iverson in Atomiques zone.
14:15 of 3rd period - Penalty to Brock McGinn is over, Brock McGinn is back on ice.
14:39 of 3rd period - Brendan Guhle is hit by Alex Plante.
15:39 of 3rd period - Kevin Connauton is hit by Max McCormick and loses puck.
16:12 of 3rd period - Wrist shot by Michael Chaput.
16:12 of 3rd period - Shot Misses the Net.
16:14 of 3rd period - Snap shot by William Nylander.
16:14 of 3rd period - Shot Blocked by Chris Wagner.
16:16 of 3rd period - Snap shot by Michael Chaput.
16:16 of 3rd period - Shot Misses the Net.
16:45 of 3rd period - Max McCormick is hit by Juho Lammikko and loses puck.
17:28 of 3rd period - Wrist shot by William Carrier.
17:28 of 3rd period - Shot Misses the Net.
17:42 of 3rd period - Jerome Gauthier-Leduc is hit by Jeremy Lauzon and loses puck.
18:00 of 3rd period - Penalty Shot by Jerome Gauthier-Leduc for Ice Dragons.
18:00 of 3rd period - Snap shot by Jerome Gauthier-Leduc.
18:00 of 3rd period - Stopped by Alex Nedeljkovic.
18:01 of 3rd period - Corban Knight wins face-off versus Dalton Smith in Ice Dragons zone.
18:10 of 3rd period - Wrist shot by Corban Knight.
18:10 of 3rd period - Shot Blocked by Sean Walker.
18:35 of 3rd period - Slapshot by William Nylander.
18:35 of 3rd period - Stopped by Chet Pickard with a rebound.
18:37 of 3rd period - Slapshot by Nicolas Aube-Kubel.
18:37 of 3rd period - Goal by Nicolas Aube-Kubel - Ice Dragons : 1 - Atomiques : 5.
18:38 of 3rd period - Brandon Kozun wins face-off versus Oscar Sundqvist in neutral zone.
18:43 of 3rd period - Snap shot by Corban Knight.
18:43 of 3rd period - Stopped by Alex Nedeljkovic with a rebound.
18:47 of 3rd period - Snap shot by Corban Knight.
18:47 of 3rd period - Stopped by Alex Nedeljkovic without a rebound.
18:48 of 3rd period - Oscar Sundqvist wins face-off versus Corban Knight in Atomiques zone.
19:34 of 3rd period - Minor Penalty to Luca Sbisa for High sticking.
19:35 of 3rd period - Corban Knight wins face-off versus Michael Chaput in Ice Dragons zone.
19:43 of 3rd period - Wiley Sherman is hit by Samuel Groulx and loses puck.
Goals for this period are 1 for Ice Dragons vs 4 for Atomiques.
Shots for this period are 6 for Ice Dragons vs 17 for Atomiques.